 Dungeon Crawl Stone Soup version 0.22.1-1-ga44c0e5 (webtiles) character file.

151 Curus the Chopper (level 5, -19/45 HPs)
             Began as a Minotaur Berserker on Nov 9, 2018.
             Was a Believer of Trog.
             Demolished by an ogre
             ... wielding a +0 giant spiked club
              (28 damage)
             ... on level 3 of the Dungeon.
             The game lasted 00:08:13 (1358 turns).

Curus the Chopper (Minotaur Berserker)              Turns: 1358, Time: 00:08:14

Health: -19/45     AC: 10    Str: 20 (21) XL:     5   Next: 10%
Magic:  4/4        EV:  8    Int:  5      God:    Trog [**....]
Gold:   96         SH:  0    Dex: 10      Spells: 4/4 levels left

rFire    . . .     SeeInvis .   a - +0 hand axe
rCold    . . .     Gourm    .   (no shield)
rNeg     . . .     Faith    .   h - +0 chain mail
rPois    .         Spirit   .   (helmet restricted)
rElec    .         Reflect  .   (no cloak)
rCorr    .         Harm     .   i - +1 pair of gloves
MR       .....                  (no boots)
Stlth    ..........             (no amulet)
HPRegen  0.15/turn              (no ring)
MPRegen  0.09/turn              (no ring)

@: no status effects
A: retaliatory headbutt, horns 2
a: Berserk, Trog's Hand, Renounce Religion


You were on level 3 of the Dungeon.
You worshipped Trog.
Trog was pleased with you.
You were hungry.

You visited 1 branch of the dungeon, and saw 3 of its levels.

You collected 96 gold pieces.

Inventory:

Hand Weapons
 a - a +0 hand axe (weapon)
Armour
 b - a +0 animal skin
 f - a +0 scale mail
 h - a +0 chain mail (worn)
 i - a +1 pair of gloves (worn)
Jewellery
 d - an uncursed ring of teleportation
Scrolls
 e - a scroll of amnesia
 g - 3 scrolls of teleportation
 j - a scroll of remove curse
 k - 2 scrolls of identify
Comestibles
 c - 5 rations


   Skills:
 - Level 3.6 Fighting
 + Level 7.1 Axes
 - Level 2.4 Armour
 - Level 2.1 Dodging


You had 4 spell levels left.
You didn't know any spells.
Your spell library was empty.

Dungeon Overview and Level Annotations

Branches:
Dungeon (3/15)

Altars:
Wu Jian


Innate Abilities, Weirdness & Mutations

You reflexively headbutt those who attack you in melee.
You have a pair of horns on your head.


Message History

You kill the goblin!
Trog accepts your kill.
You slash the goblin!
You kill the goblin!
Trog accepts your kill.
You hit the ogre. You headbutt the ogre.
The ogre is moderately wounded.
The ogre hits you with a giant spiked club!
You slash the ogre!
The ogre is severely wounded.
The ogre hits you with a giant spiked club!!
* * * LOW HITPOINT WARNING * * *
You hit the ogre but do no damage.
The ogre is severely wounded.
You hit the ogre.
You headbutt the ogre, but do no damage.
The ogre is almost dead.
The ogre hits you with a giant spiked club!!
Ouch! That really hurt!
You die...

###.#......#
....#......#
...........#
.......†...# #####
...........# #...#
......###.## #.%.#
#########.#####.%.
.....##.......##O#
..##.##....#####@######
...(.......# #......###
.##.###.#### #.........
........# #.####.###
#...###.## #.##.....##
# #.###....####
#.#.......#.#
............#
#.#.......#.#
..###....##.#
#....._.....# ###
#######.#
#.#.......#.##


You could see an ogre.

Vanquished Creatures
  Jessica (D:2)
  2 adders
  4 gnolls (D:3)
  2 worms (D:3)
  A dart slug (D:1)
  A leopard gecko (D:2)
  A ball python (D:1)
  3 giant cockroaches
  3 hobgoblins
  7 jackals (D:2)
  8 kobolds
  5 bats
  3 frilled lizards
  11 goblins
  6 rats
58 creatures vanquished.

Notes
Turn   | Place    | Note
-------+----------+-------------------------------------------
     0 | D:1      | Curus the Minotaur Berserker began the quest for the Orb.
     0 | D:1      | Reached XP level 1. HP: 19/19 MP: 0/0
    83 | D:1      | Reached skill level 4 in Axes
   277 | D:1      | Reached XP level 2. HP: 26/26 MP: 1/1
   578 | D:2      | Noticed Jessica
   584 | D:2      | Killed Jessica
   584 | D:2      | Reached skill level 5 in Axes
   584 | D:2      | Reached XP level 3. HP: 31/31 MP: 2/2
   670 | D:2      | Reached skill level 6 in Axes
   670 | D:2      | Reached XP level 4. HP: 27/39 MP: 3/3
   723 | D:2      | Found a faded altar of an unknown god.
   729 | D:2      | Reached ** piety under Trog
  1183 | D:3      | Reached XP level 5. HP: 32/45 MP: 4/4
  1194 | D:3      | Reached skill level 7 in Axes
  1314 | D:3      | Found an ornate altar of the Wu Jian Council.
  1327 | D:3      | Noticed an ogre
  1358 | D:3      | Demolished by an ogre

Skill      XL: |  1  2  3  4  5 |
---------------+----------------+-----
Axes           | 4 5 6 7 |  7.1
Fighting       | |  3.6
Armour         | |  2.4
Dodging        | |  2.1

Action                   |  1- 3 |  4- 6 || total
-------------------------+-------+-------++-------
Melee: Hand axe          |    76 |    85 ||   161
       Headbutt          |     5 |    13 ||    18
  Use: Scroll            |     3 |     3 ||     6
       Potion            |     2 |     2 ||     4
  Eat: Chunk             |       |     1 ||     1
Armor: Animal skin       |     9 |       ||     9
       Scale mail        |     9 |       ||     9
       Chain mail        |    12 |    32 ||    44
Dodge: Dodged            |    34 |    17 ||    51
